[Event "Late-Titled-Tuesday-Blitz-October-24-2023"]
[Site "Chess.com"]
[Date "2023.10.24"]
[Round "8"]
[White "mishanick"]
[Black "eljanov"]
[Result "1-0"]
[WhiteElo "3053"]
[BlackElo "2819"]
[TimeControl "180+1"]
[EndTime "15:28:46 PDT"]
[Termination "mishanick won by resignation"]

1. d4 d5 2. c4 e6 3. Nc3 Nf6 4. Nf3 Nbd7 5. Qc2 Be7 6. cxd5 exd5 7. Bf4 c6 8. h3 Nf8 9. e3 Ng6 10. Bh2 Bd6 11. Bxd6 Qxd6 12. Bd3 Ne7 13. Ne5 g6 14. g4 h5 15. O-O-O Nd7 16. f4 Nxe5 17. fxe5 Qb4 18. a3 Qa5 19. Ne2 Bd7 20. gxh5 Rxh5 21. h4 O-O-O 22. Nf4 Rh6 23. h5 gxh5 24. Rxh5 Rxh5 25. Nxh5 Bg4 26. Be2 Bf5 27. Bd3 Bg4 28. Be2 Bf5 29. Qd2 Qxd2+ 30. Kxd2 Rg8 31. Rh1 Rh8 32. Rf1 Kd7 33. Ng7 Be6 34. Nxe6 fxe6 35. Rf2 Rh7 36. Bd3 Rg7 37. b4 Nc8 38. a4 a6 39. Rh2 Nb6 40. a5 Nc8 41. Rh8 Ne7 42. Rb8 Kc7 43. Rf8 Kd7 44. Be2 Rh7 45. Bg4 Rg7 46. Rf4 Ng8 47.
Bh3 Ke7 48. Rh4 Rf7 49. Rh8 Rg7 50. Ke2 Kf7 51. Kf2 Ke7 52. Kf1 Kf7 53. Ke2 Ke7 54. Kf3 Kf7 55. Bg4 Ke7 56. Bh5 Kd7 57. Kf4 Ke7 58.
e4 dxe4 59. Kxe4 Kd7 60. Kf4 Ne7 61. Bg4 Nd5+ 62. Kf3 Nxb4 63. Rh6 Re7 64. Ke4 Nd5 65. Kd3 Nf4+ 66. Kc4 Rg7 67. Bf3 Kc7 68. Be4 Re7 69. Rf6 Nd5 70. Rh6 Ne3+ 71. Kc5 Nd5 72. Bxd5 cxd5 73.
Rg6 Kd7 74. Kb6 Rh7 75. Kxb7 Rh4 76. Rg7+ Kd8 77. Kc6 Rxd4 78. Kd6 Kc8 79. Ra7 Ra4 80. Rxa6 d4 81. Kxe6 d3 82. Rd6 Rxa5 83. Rxd3 Ra6+ 84.
Ke7 Ra7+ 85. Kf6 Rh7 86. e6 Rh6+ 87. Kf7 Rh7+ 88. Kg6 Rh1 89. e7 Re1 90. Kf7 Rf1+ 91. Ke8 Rh1 92. Rc3+ Kb7 93. Rc4 Kb6 94. Kd7 Rd1+ 95.
Ke6 Re1+ 96. Kf6 Rf1+ 97. Ke5 1-0

[Event "Late-Titled-Tuesday-Blitz-October-24-2023"]
[Site "Chess.com"]
[Date "2023.10.24"]
[Round "8"]
[White "effefe"]
[Black "Roedor"]
[Result "1/2-1/2"]
[WhiteElo "2342"]
[BlackElo "2435"]
[TimeControl "180+1"]
[EndTime "15:28:48 PDT"]
[Termination "Game drawn by repetition"]

1. d4 Nf6 2. c4 g6 3. Nc3 d5 4. cxd5 Nxd5 5. e4 Nxc3 6. bxc3 Bg7 7. Bc4 c5 8. Ne2 O-O 9. Be3 Nc6 10. O-O b6 11.
Rc1 Qc7 12. Qd2 Bb7 13. Bf4 e5 14. Bg3 Na5 15. Bd3 Rad8 16. h4 Qe7 17. h5 exd4 18. h6 dxc3 19. Nxc3 Be5 20. Bxe5 Qxe5 21. Qe3 f5 22.
Bb1 Nc4 23. Qe2 Nd2 24. Bc2 fxe4 25. Rfd1 Qg5 26. Nxe4 Nxe4 27. Bxe4 Bxe4 28. Qxe4 Rd4 29. Qe6+ Kh8 30. Re1 Qxh6 31. Rc2 Qg7 32. Rce2 Rdf4 33.
f3 R4f7 34. Qe3 Qd4 35. Qxd4+ cxd4 36. Rd2 Rd7 37. Red1 Rfd8 38. Kf2 Kg7 39. Ke2 Kf6 40.
Kd3 Ke5 41. Re1+ Kd5 42. Re4 Kc5 43. Rc2+ Kb5 44. Re5+ Ka6 45. Rc4 b5 46. Rc6+ Kb7 47. Rf6 a6 48. Ree6 Rc7 49. Rb6+ Kc8 50. Rxa6 Rc3+ 51.
Kd2 Rc7 52. Rfb6 d3 53. Rxb5 Rc2+ 54. Kd1 Rxg2 55. Rc6+ Kd7 56. Rd5+ Kxc6 57. Rxd8 Rxa2 58. Rxd3 Rh2 59. Ke1 g5 60. Kf1 h6 61. Kg1 Rh4 62.
Kg2 Kc5 63. Kg3 Kc4 64. Rd6 Kc5 65. Rd8 Rf4 66. Rd1 Rf6 67. Rd2 Kc6 68. Rd8 Rd6 69. Rh8 Kd5 70. Kg4 Ke5 71. Re8+ Kf6 72. Rf8+ Kg7 73. Rb8 Rd4+ 74. Kg3 Kg6 75. Rb6+ Kh5 76. Rb5 Rd1 77. Rc5 Rg1+ 78. Kh2 Rf1 79. Kg3 Ra1 80. Rb5 Ra2 81. Rc5 Ra4 82. Rb5 Ra3 83. Rc5 Kg6 84.
Rc6+ Kf5 85. Rc5+ Kf6 86. Rc6+ Ke5 87. Rxh6 Kf5 88. Rb6 g4 89. Rb5+ Kf6 90. Kxg4 Ra6 91. f4 Kg7 92. Kg5 Kf7 93. f5 Kg7 94. Rb7+ Kf8 95. f6 Ra1 96. Kg6 Rg1+ 97. Kf5 Rf1+ 98. Ke6 Re1+ 99. Kd6 Rd1+ 100. Ke5 Re1+ 101. Kf5 Rf1+ 102. Kg6 Rg1+ 103. Kh7 Rh1+ 104. Kg6 Rg1+ 1/2-1/2

[Event "Late-Titled-Tuesday-Blitz-October-24-2023"]
[Site "Chess.com"]
[Date "2023.10.24"]
[Round "8"]
[White "ContrVersia"]
[Black "KATPAH"]
[Result "1-0"]
[WhiteElo "2867"]
[BlackElo "2643"]
[TimeControl "180+1"]
[EndTime "15:30:01 PDT"]
[Termination "ContrVersia won by checkmate"]

1. Nf3 Nf6 2. c4 g6 3. g3 Bg7 4.
Bg2 O-O 5. O-O d5 6. cxd5 Nxd5 7. d4 c6 8. e4 Nc7 9. h3 Ne6 10. d5 Nc7 11. Nc3 cxd5 12. exd5 Bxc3 13. bxc3 Nxd5 14. c4 Nf6 15. Qe2 Nc6 16. Bb2 Bf5 17. Rad1 Qa5 18. Ne5 Nxe5 19. Bxe5 Rad8 20. g4 Be6 21. Ba1 Qa6 22. g5 Bxc4 23. Qb2 Bxf1 24. Rxf1 Qb6 25. gxf6 Qxb2 26. Bxb2 exf6 27. Bxf6 Rd2 28. a3 Rd3 29. Rc1 Rxa3 30. Be7 Rb3 31. Bxf8 Kxf8 32. Rc8+ Kg7 33. Rc7 Rb1+ 34. Kh2 a5 35. Bxb7 Rb2 36. Kg2 Rb5 37. Ba6 Rf5 38. Bc4 h5 39. Ra7 Kg8 40.
Kg3 Kg7 41. Be6 Rf6 42. Bd7 Rd6 43. Be8 Rf6 44. Rxa5 Kf8 45. Bd7 Kg7 46. Ra7 Rd6 47.
Be8 Rf6 48. Bb5 Rf5 49. Bc4 Rf6 50. f4 Rf5 51. h4 Rf6 52. Kf3 Kg8 53. Ke4 Kg7 54. Bd5 Kg8 55. Rc7 Kg7 56. Rc6 Rf5 57.
Rd6 Kf8 58. Rd8+ Kg7 59. Re8 Rf6 60. Re5 Ra6 61. Re7 Rf6 62. Ke3 Rf5 63. Be4 Rf6 64. Rd7 Re6 65. Kf3 Rf6 66. Bd3 Kg8 67. Bc4 Kg7 68.
Rd5 Rc6 69. Rd4 Rf6 70. Ke4 Rb6 71. f5 gxf5+ 72. Kxf5 Rf6+ 73. Kg5 Rh6 74. Rd7 Rf6 75. Kxh5 Rf4 76. Bd5 Rf2 77. Kg4 Kg6 78. Rd6+ Kg7 79.
Be4 Re2 80. Bd3 Rg2+ 81. Kf3 Rh2 82. Kg3 Rh1 83. Be4 Rg1+ 84. Bg2 f6 85. Rd7+ Kg6 86. Kf2 Ra1 87. Bf3 Ra2+ 88. Kg3 Ra4 89. Rd8 f5 90.
Rd6+ Kg7 91. h5 Kh7 92. Rf6 Ra5 93. Kh4 Kg7 94. Rg6+ Kh7 95. Kg5 Rb5 96. Bc6 Rc5 97.
Rh6+ Kg7 98. Rg6+ Kh7 99. Bf3 Ra5 100. Kf4 Ra3 101. Rf6 Ra4+ 102. Kxf5 Ra5+ 103. Kg4 Ra4+ 104. Kg3 Ra5 105. Be4+ Kg7 106. Rg6+ Kf7 107. Kg4 Ra4 108. Kf4 Ra1 109. Rb6 Rf1+ 110. Kg5 Kg7 111. Rb7+ Kg8 112. Bd5+ Kh8 113. Be4 Kg8 114. h6 Rg1+ 115. Kf6 Rf1+ 116. Bf5 Kf8 117. Rb8# 1-0

[Event "Late-Titled-Tuesday-Blitz-October-24-2023"]
[Site "Chess.com"]
[Date "2023.10.24"]
[Round "9"]
[White "balachess2006"]
[Black "Schwindle"]
[Result "1-0"]
[WhiteElo "2568"]
[BlackElo "2414"]
[TimeControl "180+1"]
[EndTime "15:39:04 PDT"]
[Termination "balachess2006 won by resignation"]

1. Nf3 Nf6 2. c4 e6 3. Nc3 d5 4.
e3 Be7 5. b3 O-O 6. Bb2 c6 7.
d4 Nbd7 8. Bd3 b6 9. O-O Bb7 10. Qe2 c5 11. cxd5 Nxd5 12. Nxd5 Bxd5 13. Rfd1 Bd6 14.
e4 Bb7 15. Bb5 Nb8 16. dxc5 bxc5 17. e5 1-0

[Event "Late-Titled-Tuesday-Blitz-October-24-2023"]
[Site "Chess.com"]
[Date "2023.10.24"]
[Round "9"]
[White "NotFischer"]
[Black "mjelcic"]
[Result "1-0"]
[WhiteElo "2252"]
[BlackElo "2143"]
[TimeControl "180+1"]
[EndTime "15:39:34 PDT"]
[Termination "NotFischer won by resignation"]

1. b4 e5 2. Bb2 d6 3. c4 g6 4. e3 Bg7 5. Nf3 f5 6. Be2 Nf6 7. d4 e4 8. Nfd2 O-O 9. Nc3 c6 10. O-O a5 11. b5 Be6 12. Rc1 Nbd7 13. bxc6 bxc6 14. Qa4 Qc7 15. d5 cxd5 16. cxd5 Nxd5 17.
Nxd5 Qb7 18. Bxg7 Kxg7 19. Qd4+ Ne5 20. Rc7+ 1-0

[Event "Late-Titled-Tuesday-Blitz-October-24-2023"]
[Site "Chess.com"]
[Date "2023.10.24"]
[Round "9"]
[White "nitpicker"]
[Black "serefra99"]
[Result "1-0"]
[WhiteElo "2277"]
[BlackElo "2396"]
[TimeControl "180+1"]
[EndTime "15:39:37 PDT"]
[Termination "nitpicker won by resignation"]

1. d4 e6 2. c4 d5 3. Nf3 g6 4.
Bg5 f6 5. Bc1 Nh6 6. e3 Nf7 7. Nc3 Bg7 8. Qb3 O-O 9. cxd5 exd5 10. Qxd5 f5 11. Qxd8 Rxd8 12. Bc4 Kf8 13. b3 c5 14. Ba3 b6 15. Bd5 1-0

[Event "Late-Titled-Tuesday-Blitz-October-24-2023"]
[Site "Chess.com"]
[Date "2023.10.24"]
[Round "9"]
[White "jcmesafischer"]
[Black "HajiyevKanan"]
[Result "0-1"]
[WhiteElo "2330"]
[BlackElo "2510"]
[TimeControl "180+1"]
[EndTime "15:39:39 PDT"]
[Termination "HajiyevKanan won by resignation"]

1. Nf3 d5 2. g3 c6 3. Bg2 Nf6 4. d3 g6 5. O-O Bg7 6. Nbd2 O-O 7.
e4 a5 8. a4 Na6 9. e5 Nd7 10.
d4 c5 11. c3 cxd4 12. cxd4 Nb4 13. Nb3 Nb6 14. Bd2 Nc4 15. Bc3 Bf5 16. Ne1 h5 17.
Nxa5 Qxa5 18. Qb3 b5 19. Bxb4 bxa4 20. Bxa5 axb3 21. Bxd5 Rxa5 22. Rxa5 Nxa5 23. Ng2 Rd8 24. Ne3 e6 25. Bf3 Rxd4 26. Ra1 Nc4 27. Ra4 Bd3 28.
Bd1 Bxe5 29. Bxb3 Nxe3 30. Ra8+ Kg7 31. fxe3 Rb4 0-1

[Event "Late-Titled-Tuesday-Blitz-October-24-2023"]
[Site "Chess.com"]
[Date "2023.10.24"]
[Round "9"]
[White "KVAIDAN"]
[Black "Sanyura"]
[Result "0-1"]
[WhiteElo "2432"]
[BlackElo "2614"]
[TimeControl "180+1"]
[EndTime "15:40:11 PDT"]
[Termination "Sanyura won by checkmate"]

1. f4 c5 2. Nf3 d5 3. e3 Nf6 4. Be2 Bg4 5. O-O g6 6. Ne5 Bxe2 7. Qxe2 Nc6 8. d3 Bg7 9. Nd2 O-O 10. Ndf3 Rc8 11.
Qf2 Nxe5 12. fxe5 Nd7 13. d4 f5 14. Ng5 Rc6 15. Qf3 e6 16. Qh3 Qxg5 17. e4 Qe7 18.
exd5 exd5 19. c4 cxd4 20. cxd5 Rc5 21. e6 Nf6 22. Bg5 Rxd5 23. Qb3 Rd6 24. Rae1 h6 25. Bxf6 Bxf6 26. Re2 d3 27. Rd2 Qxe6 28. Qxb7 Qe3+ 29. Rff2 Bd4 30. Qb3+ Kg7 31. Kh1 Qe1+ 32. Rf1 Qxf1# 0-1

[Event "Late-Titled-Tuesday-Blitz-October-24-2023"]
[Site "Chess.com"]
[Date "2023.10.24"]
[Round "9"]
[White "The_Sherman_Variation"]
[Black "rockstar0902"]
[Result "1-0"]
[WhiteElo "2595"]
[BlackElo "2653"]
[TimeControl "180+1"]
[EndTime "15:41:00 PDT"]
[Termination "The_Sherman_Variation won by resignation"]

1. e4 e6 2. d4 d5 3. e5 c5 4.
c3 Qb6 5. Nf3 Bd7 6. Be2 Bb5 7.
Bxb5+ Qxb5 8. Na3 Qa6 9. dxc5 Bxc5 10. b4 Be7 11. Nd4 Qb6 12. Be3 Qc7 13. Nab5 Qxe5 14.
Nf3 Qf6 15. Nc7+ Kd7 16. Bd4 Qf4 17. Nxa8 f6 18. O-O Nc6 19. b5 Nxd4 20. cxd4 Nh6 21. Qa4 Rxa8 22. b6+ Kd8 23. bxa7 Bd6 24. Qb3 Ng4 25.
g3 Qf5 26. Qxb7 Rxa7 27. Qxa7 Qxf3 28. Rab1 h5 29. Rb7 h4 30. Qa8+ 1-0

[Event "Late-Titled-Tuesday-Blitz-October-24-2023"]
[Site "Chess.com"]
[Date "2023.10.24"]
[Round "9"]
[White "victormago"]
[Black "The_Straightforward_Rook"]
[Result "0-1"]
[WhiteElo "2422"]
[BlackElo "2572"]
[TimeControl "180+1"]
[EndTime "15:41:02 PDT"]
[Termination "The_Straightforward_Rook won by resignation"]

1. d4 Nf6 2. c4 e6 3. Nc3 Bb4 4. Qc2 O-O 5. Nf3 d5 6. cxd5 exd5 7. Bg5 c5 8. e3 Nc6 9. dxc5 d4 10. O-O-O h6 11.
Nxd4 Bxc3 12. Qxc3 hxg5 13. Nxc6 Qc7 14. Nb4 Be6 15. b3 a5 16. Nd3 a4 17. Kb2 axb3 18. axb3 Ne4 19. Qe1 Nxc5 20. Qc3 Nxd3+ 21. Bxd3 Ra2+ 0-1

[Event "Late-Titled-Tuesday-Blitz-October-24-2023"]
[Site "Chess.com"]
[Date "2023.10.24"]
[Round "9"]
[White "Payyappat"]
[Black "dedpihto_v_kozhanom_palto"]
[Result "1-0"]
[WhiteElo "2545"]
[BlackElo "2631"]
[TimeControl "180+1"]
[EndTime "15:41:04 PDT"]
[Termination "Payyappat won by resignation"]

1. e4 g6 2. d4 Bg7 3. Nc3 d6 4. Be3 Nc6 5. Qd2 e5 6. Nf3 f5 7.
dxe5 Nxe5 8. Nxe5 Bxe5 9. O-O-O Ne7 10. f4 Bg7 11. e5 O-O 12. Bc4+ Kh8 13. exd6 cxd6 14. Qxd6 Qxd6 15. Rxd6 a6 16. Bb6 g5 17. Re1 Ng6 18. Nd5 Nxf4 19. Nxf4 gxf4 20. Re7 f3 21.
Rxg7 Kxg7 22. Bd4+ Rf6 23. Rxf6 fxg2 24. Rf7+ Kh6 25. Rg7 f4 26. Rxg2 Bf5 27. Bg7+ Kh5 28. Bf6 Bg4 29. Bf7+ Kh6 30. Rxg4 1-0

[Event "Late-Titled-Tuesday-Blitz-October-24-2023"]
[Site "Chess.com"]
[Date "2023.10.24"]
[Round "9"]
[White "egnfanclub"]
[Black "venturov"]
[Result "1-0"]
[WhiteElo "2389"]
[BlackElo "2484"]
[TimeControl "180+1"]
[EndTime "15:41:21 PDT"]
[Termination "egnfanclub won by resignation"]

1. e4 Nf6 2. Nc3 d5 3. e5 Nfd7 4. e6 fxe6 5. d4 c5 6. Nf3 Nc6 7. Bb5 g6 8. Be3 Bg7 9. Bxc6 bxc6 10. Ng5 Nf6 11. f4 O-O 12. O-O Qb6 13. Na4 Qb5 14. Nxc5 Qxb2 15. Ngxe6 Bxe6 16. Nxe6 Rf7 17. Nxg7 Kxg7 18.
f5 Raf8 19. fxg6 hxg6 20. Qd3 Ng4 21. Rfb1 Ne5 22. dxe5 1-0

[Event "Late-Titled-Tuesday-Blitz-October-24-2023"]
[Site "Chess.com"]
[Date "2023.10.24"]
[Round "9"]
[White "falzehope0"]
[Black "becemix"]
[Result "1-0"]
[WhiteElo "2323"]
[BlackElo "2346"]
[TimeControl "180+1"]
[EndTime "15:41:22 PDT"]
[Termination "falzehope0 won on time"]

1. d4 e6 2. e3 Nf6 3. Bd3 c5 4. f4 Nc6 5. c3 Be7 6. Nf3 O-O 7. O-O b6 8. a3 Bb7 9. e4 h6 10. Nbd2 cxd4 11. cxd4 d6 12. e5 dxe5 13. fxe5 Ng4 14. Nb3 Bg5 15. Nxg5 hxg5 16. Qxg4 Nxe5 17. Bh7+ Kxh7 18.
dxe5 Qd5 19. Bxg5 Qxb3 20. Rf4 Qd5 21. Qh3+ Kg8 22. Rg4 Qxe5 23. Rf1 1-0

[Event "Late-Titled-Tuesday-Blitz-October-24-2023"]
[Site "Chess.com"]
[Date "2023.10.24"]
[Round "9"]
[White "Angry_Twin"]
[Black "mishanick"]
[Result "1-0"]
[WhiteElo "2965"]
[BlackElo "3043"]
[TimeControl "180+1"]
[EndTime "15:41:38 PDT"]
[Termination "Angry_Twin won by resignation"]

1. d4 Nf6 2. c4 e6 3. Nc3 d5 4. Nf3 Nbd7 5. e3 dxc4 6. Bxc4 a6 7.
a4 Bb4 8. O-O b6 9. Qb3 Qe7 10.
e4 Bxc3 11. bxc3 Nxe4 12. Re1 Ndf6 13. Ba3 Qd8 14. Ne5 Nd6 15. d5 Nxc4 16. Qxc4 Qxd5 17. Qxc7 Bd7 18. Rad1 Rc8 19. Qxb6 Qa2 20. Qd6 Nd5 1-0

[Event "Late-Titled-Tuesday-Blitz-October-24-2023"]
[Site "Chess.com"]
[Date "2023.10.24"]
[Round "9"]
[White "NMJeevanK"]
[Black "Kombinator01"]
[Result "1-0"]
[WhiteElo "2590"]
[BlackElo "2423"]
[TimeControl "180+1"]
[EndTime "15:41:38 PDT"]
[Termination "NMJeevanK won by resignation"]

1. e4 e5 2. Nf3 Nf6 3. Nxe5 Nxe4 4. Qe2 Qe7 5. Qxe4 d6 6. d4 dxe5 7. Qxe5 Qxe5+ 8. dxe5 Bf5 9. Nc3 Nd7 10. Bf4 Bxc2 11. Rc1 Bf5 12. Nd5 Rc8 13. Nxc7+ Kd8 14. Nb5 Bb4+ 15.
Kd1 Rxc1+ 16. Kxc1 Re8 17. a3 Bc5 18. Bg3 a6 19. Nc3 Nxe5 20. Be2 Kc8 21. Rd1 Nc6 22. Rd5 Bd4 23. Rxf5 Bxc3 24. Bg4 Bd4 25. Rxf7+ Kd8 26. Rd7+ Kc8 1-0

[Event "Late-Titled-Tuesday-Blitz-October-24-2023"]
[Site "Chess.com"]
[Date "2023.10.24"]
[Round "9"]
[White "Dacean99"]
[Black "Eternauta2400"]
[Result "0-1"]
[WhiteElo "2596"]
[BlackElo "2721"]
[TimeControl "180+1"]
[EndTime "15:41:39 PDT"]
[Termination "Eternauta2400 won by resignation"]

1. d4 Nf6 2. Nf3 e6 3. c4 b6 4. Nc3 Bb4 5. g3 Bxc3+ 6. bxc3 Bb7 7. Bg2 O-O 8. O-O d6 9. Re1 c5 10. Qc2 Be4 11. Qb3 Nc6 12. dxc5 dxc5 13. Bf4 Na5 14.
Qa4 Qe8 15. Qxe8 Rfxe8 16. Ne5 Bxg2 17. Kxg2 Rad8 18. Red1 Ne4 19. Rac1 f6 20. Nf3 Nxc4 21. a4 e5 22. Be3 Rxd1 23. Rxd1 Nxc3 24. Rd7 Nxa4 25.
Rxa7 Nxe3+ 26. fxe3 b5 27. Nh4 g6 28. g4 Rb8 29. g5 fxg5 30. Nf3 Nc3 31. Nxe5 b4 32. Nd7 Rb5 33. Nf6+ Kf8 34. Rd7 Rb6 35. Nxh7+ Ke8 36. Rd2 b3 37. Rb2 Na4 38. Rb1 b2 39. Nxg5 Nc3 40. Rxb2 Rxb2 41. Kf3 Nxe2 42. Ne6 c4 43. Nc7+ Kd8 44. Nd5 c3 45. Nxc3 Nxc3 0-1

[Event "Late-Titled-Tuesday-Blitz-October-24-2023"]
[Site "Chess.com"]
[Date "2023.10.24"]
[Round "9"]
[White "Likvidator228"]
[Black "Chempiblinka"]
[Result "1-0"]
[WhiteElo "2568"]
[BlackElo "2329"]
[TimeControl "180+1"]
[EndTime "15:41:40 PDT"]
[Termination "Likvidator228 won by resignation"]

1. c4 Nf6 2. g3 g6 3. Bg2 Bg7 4. Nf3 O-O 5. O-O c5 6. Nc3 Nc6 7. d4 cxd4 8. Nxd4 Ng4 9. Nxc6 dxc6 10. Bg5 Qc7 11. Rc1 Be6 12. b3 Rfd8 13. Qc2 Bd4 14. e3 Bc5 15. h3 Ne5 16. Rcd1 f6 17. Bf4 g5 18. Ne4 Bb4 19. Bxg5 fxg5 20. Nxg5 Bf7 21. Qxh7+ Kf8 22. Qh8+ Bg8 23. Ne6+ Kf7 24. Nxc7 Rxd1 25. Rxd1 1-0

[Event "Late-Titled-Tuesday-Blitz-October-24-2023"]
[Site "Chess.com"]
[Date "2023.10.24"]
[Round "9"]
[White "Kostukov_Alex"]
[Black "djano"]
[Result "0-1"]
[WhiteElo "2437"]
[BlackElo "2669"]
[TimeControl "180+1"]
[EndTime "15:41:41 PDT"]
[Termination "djano won by resignation"]

1. g3 d5 2. Bg2 Nc6 3. d4 Bf5 4.
Nf3 Nb4 5. Na3 e6 6. c3 Nc6 7. Nc2 Nf6 8. Ne3 Be4 9. O-O Bd6 10. c4 O-O 11. c5 Be7 12. a3 a5 13. Ne1 b6 14. cxb6 cxb6 15. f3 Bg6 16. b3 Rc8 17. Bb2 Ne8 18. Nd3 Nd6 19. Nf4 Bg5 20. Qd2 Qf6 21.
Ng4 Qd8 22. e3 a4 23. Nxg6 hxg6 24. bxa4 Nc4 25. Qe2 f5 26. f4 fxg4 27. fxg5 Qxg5 28. Rf4 Rxf4 29. exf4 Qf6 30. Rd1 Ne7 31. Re1 Nf5 32.
Bc3 Nce3 33. Ba1 Rc2 0-1

[Event "Late-Titled-Tuesday-Blitz-October-24-2023"]
[Site "Chess.com"]
[Date "2023.10.24"]
[Round "9"]
[White "Lion-Al-Messi"]
[Black "SanchezKelvin"]
[Result "1-0"]
[WhiteElo "2659"]
[BlackElo "2560"]
[TimeControl "180+1"]
[EndTime "15:41:44 PDT"]
[Termination "Lion-Al-Messi won on time"]

1. e4 e5 2. Nf3 Nc6 3. Bb5 a6 4. Ba4 b5 5. Bb3 Nf6 6. d4 exd4 7. e5 Ne4 8. O-O Be7 9. Bd5 Nc5 10. Nxd4 Bb7 11.
Nc3 Nxe5 12. Re1 Nc6 13. Bxf7+ Kxf7 14. Qf3+ Kg8 15. Qd5+ Ne6 16. Nxe6 dxe6 17. Qxe6+ Kf8 18. Bf4 Nd4 19. Qe5 Qd6 20. Qe3 Qc5 21. Rad1 Rd8 22.
Be5 Nf5 23. Rxd8+ Bxd8 24. Qxc5+ 1-0

[Event "Late-Titled-Tuesday-Blitz-October-24-2023"]
[Site "Chess.com"]
[Date "2023.10.24"]
[Round "9"]
[White "emiliochess"]
[Black "Roedor"]
[Result "0-1"]
[WhiteElo "2316"]
[BlackElo "2440"]
[TimeControl "180+1"]
[EndTime "15:41:45 PDT"]
[Termination "Roedor won by resignation"]

1. d4 Nf6 2. Bf4 Nh5 3. Bg5 h6 4. Bh4 g5 5. e3 Nf6 6. Bg3 Bg7 7. Bd3 d6 8. h4 g4 9. c3 Nc6 10. e4 e5 11. d5 Ne7 12. c4 h5 13. Ne2 Ng6 14. Nd2 c5 15. Nf1 b5 16. cxb5 a6 17. bxa6 Qa5+ 18. Qd2 Qxd2+ 19. Kxd2 Bxa6 20. Ne3 Bxd3 21. Kxd3 Ra4 22. f3 O-O 23. b3 Ra6 24. Nf5 Rfa8 25. Nc3 Nf4+ 26. Bxf4 exf4 27. Nxg7 Kxg7 28. Ne2 Nd7 29. Nxf4 Ne5+ 30. Ke3 Kh6 31. Nd3 Nxd3 32. Kxd3 Rxa2 33. Rxa2 Rxa2 34. fxg4 hxg4 35. Rf1 Rxg2 36. Rxf7 g3 37. Rf6+ Kh5 38. Rxd6 Rb2 39. Rd8 Kxh4 40. e5 g2 41. Rg8 Rxb3+ 42. Kc4 Rg3 43. Rh8+ Kg4 44. Rg8+ Kf3 45. Rf8+ Ke2 46. e6 g1=Q 47. e7 Qd4+ 48. Kb5 Re3 49. e8=Q Qb4+ 50. Kc6 Qa4+ 51. Kxc5 Rxe8 52. Rxe8+ Qxe8 0-1

[Event "Late-Titled-Tuesday-Blitz-October-24-2023"]
[Site "Chess.com"]
[Date "2023.10.24"]
[Round "9"]
[White "Alphafischer2019"]
[Black "Gogolev_Artemy"]
[Result "1-0"]
[WhiteElo "2610"]
[BlackElo "2429"]
[TimeControl "180+1"]
[EndTime "15:41:59 PDT"]
[Termination "Alphafischer2019 won on time"]

1. e4 c5 2. d3 Nc6 3. g3 g6 4.
Bg2 Bg7 5. f4 d6 6. Nf3 e6 7.
O-O Nge7 8. c3 b5 9. Be3 O-O 10. d4 cxd4 11. cxd4 Bb7 12. Nc3 a6 13. g4 f5 14.
gxf5 exf5 15. e5 dxe5 16. dxe5 h6 17. Bc5 Kh7 18. Qe2 Qc7 19. Bd6 Qb6+ 20. Kh1 Rfd8 21. Rfd1 Nc8 22. Nd5 Qa7 23. Bc7 Rxd5 24. Rxd5 Nb6 25.
Bxb6 Qxb6 26. Rd6 Bf8 27. Rd7+ Kg8 28. Qd1 Rd8 29. Qb3+ Kh8 30. Qf7 Rxd7 31. Qxd7 Be7 32. Qe8+ Kg7 33. Nh4 Bxh4 34. Qd7+ Be7 35. Rc1 Qe3 36.
Rd1 Qe2 37. Rg1 1-0

[Event "Late-Titled-Tuesday-Blitz-October-24-2023"]
[Site "Chess.com"]
[Date "2023.10.24"]
[Round "9"]
[White "Alex_Sahakyan2006"]
[Black "dropstoneDP"]
[Result "1/2-1/2"]
[WhiteElo "2788"]
[BlackElo "3102"]
[TimeControl "180+1"]
[EndTime "15:42:00 PDT"]
[Termination "Game drawn by agreement"]

1. d4 d5 2. c4 dxc4 3. e3 Nf6 4. Bxc4 e6 5. Nf3 c5 6. O-O a6 7. dxc5 Bxc5 8. Qxd8+ Kxd8 9. b3 Ke7 10. Bb2 b5 11. Be2 Bb7 12. a4 bxa4 13. Rxa4 Nbd7 14. Nbd2 Rhb8 15. Rc1 Ke8 16. Ne5 Rc8 17. Nxd7 Kxd7 18. Rca1 Ke8 19. Bxa6 Bxa6 20. Rxa6 Rxa6 21. Rxa6 Rd8 22.
Bxf6 gxf6 23. Nf1 Rb8 24. Ra5 Bf8 25. Rh5 h6 26. Nd2 Rd8 27. Nf1 Rb8 28. Ra5 f5 29. Nd2 Bb4 30. Ra2 Bxd2 31. Rxd2 Rxb3 32. g3 Kf8 33. Kg2 Kg7 34. h4 h5 35. Rd4 Rb8 36.
Rf4 1/2-1/2

[Event "Late-Titled-Tuesday-Blitz-October-24-2023"]
[Site "Chess.com"]
[Date "2023.10.24"]
[Round "9"]
[White "Tunahan_Makaraci"]
[Black "FM_Kappeler"]
[Result "1-0"]
[WhiteElo "2419"]
[BlackElo "2281"]
[TimeControl "180+1"]
[EndTime "15:42:01 PDT"]
[Termination "Tunahan_Makaraci won by resignation"]

1. e4 c5 2. c3 d6 3. d4 Nf6 4.
dxc5 Nc6 5. Qd3 dxc5 6. Qxd8+ Nxd8 7. f3 g6 8. Be3 b6 9. Na3 Bg7 10. Bb5+ Bd7 11. O-O-O Bxb5 12. Nxb5 O-O 13. Ne2 Ne6 14. Rhe1 Rfd8 15. Kc2 a6 16. Na3 b5 17. Nf4 Nxf4 18. Bxf4 Nd7 19. Bc7 Be5 20. Bxd8 Rxd8 21. g3 c4 22. Rd5 Bd6 23. e5 Bxa3 24. bxa3 Kf8 25. e6 fxe6 26. Rxe6 Ke8 27. Rxa6 Rb8 28. Ra7 Nf6 29. Re5 Ng8 30. a4 bxa4 31. Rxa4 Kf7 32. Rxc4 Kf6 33. Re3 Rb5 34. a4 Ra5 35. Kb3 Nh6 36.
g4 Nf7 37. Kb4 Nd6 38. Rf4+ Kg5 39. Kxa5 Kxf4 40. Rxe7 Kxf3 41. Rd7 Ne4 42. Kb4 Nf6 43. Rf7 1-0

[Event "Late-Titled-Tuesday-Blitz-October-24-2023"]
[Site "Chess.com"]
[Date "2023.10.24"]
[Round "9"]
[White "TheMagician"]
[Black "Chessbard1972"]
[Result "0-1"]
[WhiteElo "2172"]
[BlackElo "2350"]
[TimeControl "180+1"]
[EndTime "15:42:09 PDT"]
[Termination "Chessbard1972 won by resignation"]

1. d4 Nf6 2. Nf3 g6 3. g3 Bg7 4.
Bg2 O-O 5. O-O d5 6. c4 Nc6 7.
cxd5 Nxd5 8. h3 Nb6 9. e3 Re8 10. Bd2 Bf5 11. g4 Bd3 12. Re1 e5 13. Bc3 e4 14. Nfd2 Nd5 15. a3 f5 16. Nb3 b6 17.
Nc1 Ba6 18. Bd2 f4 19. Nc3 f3 20. Qb3 Ne7 21. Nxd5 Qxd5 22. Qxd5+ Nxd5 23. Bf1 Bxf1 24. Kxf1 c5 25. Nb3 Rac8 26. dxc5 Bxb2 27. Ra2 Be5 28.
cxb6 axb6 29. Rd1 Nc3 30. Bxc3 Rxc3 31. Nd2 Rd8 32. Ke1 Rcd3 33. Rc2 Bc3 34. Rxc3 Rxc3 35. a4 Rcd3 0-1

[Event "Late-Titled-Tuesday-Blitz-October-24-2023"]
[Site "Chess.com"]
[Date "2023.10.24"]
[Round "9"]
[White "Vamostodorecto"]
[Black "Binary010"]
[Result "0-1"]
[WhiteElo "2457"]
[BlackElo "2822"]
[TimeControl "180+1"]
[EndTime "15:42:11 PDT"]
[Termination "Binary010 won on time"]

1. d4 Nf6 2. c4 e6 3. g3 d5 4.
Bg2 Bb4+ 5. Bd2 a5 6. Nf3 O-O 7. O-O dxc4 8. Qc2 Bxd2 9. Nbxd2 b5 10. a4 c6 11. Ne5 Nd5 12. Ne4 f6 13. Nf3 Na6 14.
Nc5 Nxc5 15. dxc5 Qe7 16. axb5 cxb5 17. e4 Nb4 18. Qc3 Qxc5 19. e5 Bb7 20. Nd4 Bxg2 21. Kxg2 Qxe5 22. Rfe1 Qd5+ 23. Kg1 e5 24. Nf5 Qe6 25. Ne3 Nd3 26. Red1 a4 27. Rxd3 cxd3 28. Qxd3 b4 29. Qe4 Rfb8 30. Nd5 Qd6 31. Rc1 a3 32. bxa3 bxa3 33. Rc7 a2 34. Ne7+ Qxe7 35. Rxe7 a1=Q+ 36. Kg2 Qd4 0-1

[Event "Late-Titled-Tuesday-Blitz-October-24-2023"]
[Site "Chess.com"]
[Date "2023.10.24"]
[Round "9"]
[White "YellowJacek"]
[Black "DvaHrasta"]
[Result "0-1"]
[WhiteElo "2321"]
[BlackElo "2504"]
[TimeControl "180+1"]
[EndTime "15:42:11 PDT"]
[Termination "DvaHrasta won by resignation"]

1. c4 e5 2. g3 c6 3. Nf3 e4 4.
Nd4 d5 5. cxd5 Nf6 6. Nc3 Qb6 7. Nb3 cxd5 8. d3 a5 9. Be3 Qd8 10. Bg2 a4 11. Nd4 a3 12. Qb3 Nc6 13. Nxc6 bxc6 14.
dxe4 Be6 15. exd5 Rb8 16. Qa4 axb2 17. Rb1 Bb4 18. O-O O-O 19. dxe6 Bxc3 20. Rfd1 Qe7 21.
Bd4 Rb4 22. Bxf6 Qxf6 23. Qxc6 fxe6 24. Bf3 g5 25. Rd3 Be5 26. Qc5 Rfb8 27. Bg4 Rxg4 0-1